 Dungeon Crawl Stone Soup version 0.27-b1-42-g19c61b19a5 (webtiles) character file.

Game seed: 8464141009173596886

51 Sin92 the Skirmisher (level 3, -6/29 HPs)
             Began as a Demonspawn Fighter on July 29, 2021.
             Succumbed to Robin's poison
             ... on level 2 of the Dungeon.
             The game lasted 00:01:31 (1174 turns).

Sin92 the Skirmisher (Demonspawn Fighter)           Turns: 1174, Time: 00:01:31

Health: -6/29      AC:  7    Str: 17    XL:     3   Next: 58%
Magic:  3/3        EV:  7    Int:  9    God:
Gold:   60         SH:  9    Dex: 12    Spells: 2/2 levels left

rFire    . . .     SeeInvis .   a - +0 war axe
rCold    . . .     Faith    .   c - +0 kite shield
rNeg     . . .     Spirit   .   b - +0 scale mail
rPois    .         Reflect  .   (no helmet)
rElec    .         Harm     .   (no cloak)
rCorr    .         Rampage  .   (no gloves)
Will     .....                  e - +0 pair of boots
Stlth    ..........             (no amulet)
HPRegen  0.09/turn              (no ring)
MPRegen  0.08/turn              (no ring)

@: mighty, lethally poisoned (-6 -> -25)
A: claws 1, demonic guardian 1
a: no special abilities


You were on level 2 of the Dungeon.
You visited 1 branch of the dungeon, and saw 2 of its levels.

You collected 60 gold pieces.

Inventory:

Hand Weapons
 a - a +0 war axe (weapon)
Armour
 b - a +0 scale mail (worn)
 c - a +0 kite shield (worn)
 e - a +0 pair of boots (worn)
Scrolls
 f - a scroll of identify {unknown}
 g - a scroll of fear {unknown}


   Skills:
 + Level 3.2 Fighting
 + Level 2.6 Axes
 + Level 3.0 Armour
 + Level 0.5 Dodging
 + Level 3.0 Shields


You had 2 spell levels left.
You didn't know any spells.
Your spell library contained the following spells:

 Spells                   Type           Power      Damage    Failure   Level
 Animate Skeleton         Necr           0%         N/A       99%         1
 Pain                     Necr           0%         1d4       99%         1
 Vampiric Draining        Necr           0%         2d6       100%        3


Dungeon Overview and Level Annotations

Branches:
Dungeon (2/15)

Altars:

Annotations:
D:2 Robin


Innate Abilities, Weirdness & Mutations

You have sharp fingernails.
A weak demonic guardian rushes to your aid.


Message History

You slash the goblin!
You kill the goblin!
You slash the goblin!
You kill the goblin!
Robin throws the goblin at you!
You closely miss the hobgoblin. You hit the goblin.
You kill the goblin!
The hobgoblin no longer looks unusually strong.
The hobgoblin hits you.
* * * LOW HITPOINT WARNING * * *
Robin roars a battlecry!
The hobgoblin goes into a battle-frenzy!
The hobgoblin hits you but does no damage.
You closely miss the hobgoblin. The hobgoblin barely misses you.
The hobgoblin hits you.
* * * LOW HITPOINT WARNING * * *
A demonic guardian appears!
Unknown command.
Your shield and scale mail prevent you from hitting the hobgoblin.
You block the hobgoblin's attack.
You slash the hobgoblin!
You kill the hobgoblin!
You slash Robin!
Robin is heavily wounded.
Robin hits you but does no damage.
You are lethally poisoned!
You block Robin's attack.
You hit Robin.
Robin is almost dead.
* * * LOW HITPOINT WARNING * * *
You feel very sick. You block Robin's attack.
Robin hits you with a +0 dagger of venom.
* * * LOW HITPOINT WARNING * * *
You are more poisoned.
You aren't carrying any potions.
Okay, then.
Your shield and scale mail prevent you from hitting Robin.
Robin is severely wounded.
You die...

.. #.......# #..#
#.#####.# #...g
#.#####.# (.....#####
#.##....#
#...g..))#######.##.##.#
#..##.)†.......#.##^##.#
#.##.#####[#.......# ...
#g# #......#### .### #@#
######## # #5# ..# ####


You could see Robin (ally target) and a friendly iron imp (summoned).

Vanquished Creatures
  An adder (D:2)
  2 bats (D:1)
  4 endoplasms (D:1)
  4 hobgoblins
  3 quokkas (D:1)
  A ball python (D:1)
  4 frilled lizards (D:1)
  11 goblins
  3 kobolds (D:1)
  4 rats (D:1)
  A bush (D:1)
38 creatures vanquished.

Vanquished Creatures (collateral kills)
  A goblin (D:2)
1 creature vanquished.

Vanquished Creatures (others)
  A fungus (D:1)
  3 plants (D:1)
4 creatures vanquished.

Grand Total: 43 creatures vanquished

Notes
Turn   | Place    | Note
-------+----------+-------------------------------------------
     0 | D:1      | Sin92 the Demonspawn Fighter began the quest for the Orb.
     0 | D:1      | Reached XP level 1. HP: 18/18 MP: 1/1
   161 | D:1      | Gained mutation: You have sharp fingernails. [demonic
                  | ancestry]
   161 | D:1      | Reached XP level 2. HP: 17/24 MP: 2/2
   816 | D:1      | Found a faded altar of an unknown god.
  1141 | D:2      | Noticed Robin
  1144 | D:2      | Gained mutation: A weak demonic guardian rushes to your
                  | aid. [demonic ancestry]
  1144 | D:2      | Reached XP level 3. HP: 28/29 MP: 3/3
  1173 | D:2      | HP: 1/29 [Robin (1)]
  1174 | D:2      | Succumbed to Robin's poison

Illustrated notes

Levels and vault maps discovered:
D:1:      eino_arrival_water_cross, layout_rooms, serial_forest,
          infiniplex_forest_end_1, infiniplex_forest_straight_4,
          infiniplex_forest_lined_room_, infiniplex_forest_clump_small,
          infiniplex_forest_lined_3, infiniplex_forest_clump_medium,
          infiniplex_forest_straight_2, infiniplex_forest_zigzag_1,
          dreamdust_ecumenical_altar_hidden_monk_grotto
D:2:      layout_loops_cross, minmay_small_reverse_x, uniq_crazy_yiuf_cottage,
          uniq_jessica, uniq_robin

Skill      XL: |  1  2 |
---------------+-------+-----
Axes           | 2 |  2.6
Shields        | 3 |  3.0
Armour         | 3 |  3.0
Fighting       | |  3.2
Dodging        | |  0.5

Action                   || total
-------------------------++-------
Melee: War axe           ||   164
  Use: Potion            ||     1
Armor: Scale mail        ||    75
Dodge: Dodged            ||    38
Block: Kite shield       ||    69
